 Dungeon Crawl Stone Soup version 0.24-a0-282-g1a68c911f0 (webtiles) character file.

Game seed: 11574787833835135946

683 Redear the Insei (level 7, -5/43 HPs)
             Began as an Octopode Transmuter on May 3, 2019.
             Killed by nerve-wracking pain
             ... invoked by an orc priest
              (7 damage)
             ... on level 5 of the Dungeon.
             The game lasted 00:10:53 (4514 turns).

Redear the Insei (Octopode Transmuter)              Turns: 4514, Time: 00:10:53

Health: -5/43      AC:  2    Str: 12    XL:     7   Next: 61%
Magic:  7/13       EV: 13    Int: 18    God:
Gold:   222        SH:  0    Dex: 12    Spells: 4/14 levels left

rFire    . . .     SeeInvis +     - Unarmed
rCold    . . .     Gourm    .   (no shield)
rNeg     . . .     Faith    .   c - +1 hat {Int+3} {Int+3}
rPois    .         Spirit   .   (no amulet)
rElec    .         Reflect  .   k - ring of wizardry {Wiz+}
rCorr    .         Harm     .   s - ring of see invisible {SInv}
MR       .....                  t - ring of see invisible {SInv}
Stlth    ++........             n - ring of wizardry {Wiz+}
HPRegen  0.14/turn              (no ring)
MPRegen  0.13/turn              (no ring)
                                (no ring)
                                (no ring)

@: starving
A: almost no armour, stealthy swim, amphibious, 8 rings, constrict 8, camouflage
1, gelatinous body 1
a: no special abilities


You were on level 5 of the Dungeon.
You were starving.

You visited 1 branch of the dungeon, and saw 5 of its levels.

You collected 222 gold pieces.

Inventory:

Missiles
 a - 12 arrows
 Z - a throwing net (quivered) {+f}
Armour
 c - a +1 hat of intelligence (worn) {Int+3}
 g - a +0 shield
 i - a +1 hat
 p - a +0 buckler
Jewellery
 k - a ring of wizardry (left tentacle) {Wiz+}
 n - a ring of wizardry (on tentacle) {Wiz+}
 s - a ring of see invisible (right tentacle) {SInv}
 t - a ring of see invisible (on tentacle) {SInv}
Wands
 D - a wand of digging (6)
 E - a wand of enslavement (6)
 S - a wand of scattershot (4)
Scrolls
 b - 5 scrolls of identify {unknown}
 d - 5 scrolls of teleportation {unknown}
 h - a scroll of blinking {unknown}
 j - a scroll of remove curse {unknown}
 l - 3 scrolls of immolation {unknown}
 o - 3 scrolls of magic mapping {unknown}
 r - a scroll of fog {unknown}
Potions
 m - a potion of resistance {rF+ rC+ rPois rElec rCorr}
 q - a potion of lignification {unknown}
 H - a potion of haste {@q5}
Comestibles
 z - 12 rations


   Skills:
 - Level 1.0 Fighting
 - Level 2.0 Dodging
 + Level 5.2 Unarmed Combat
 + Level 4.4 Spellcasting
 + Level 4.7 Transmutations
 + Level 2.2 Ice Magic


You had 4 spell levels left.
You knew the following spells:

 Your Spells              Type           Power        Failure   Level  Hunger
s - Sticks to Snakes      Tmut           ###.....     1%          2    #......
z - Beastly Appendage     Tmut           ###...       1%          1    None
C - Spider Form           Tmut/Pois      ##........   4%          3    ###....
I - Ice Form              Ice/Tmut       ###.....     9%          4    ####...

Your spell library contained the following spells:

 Spells                   Type           Power        Failure   Level  Hunger
 Confusing Touch          Hex            #.....       4%          1    None
 Confuse                  Hex            #.......     11%         3    ###....
 Gell's Gravitas          Tloc           #.........   11%         3    ###....
 Petrify                  Tmut/Erth      ##......     13%         4    ####...
 Blade Hands              Tmut           ###.......   16%         5    ######.
 Yara's Violent Unravell  Hex/Tmut       ##........   34%         5    ######.
 Metabolic Englaciation   Hex/Ice        #.........   50%         5    ######.


Dungeon Overview and Level Annotations

Branches:
Dungeon (5/15)
 Temple: D:4-7

Altars:
Ashenzari
Hepliaklqana
Nemelex Xobeh


Innate Abilities, Weirdness & Mutations

You cannot wear most types of armour.
You are very stealthy in the water. (Stealth+)
You are amphibious.
You can wear up to eight rings at the same time.
You can use your tentacles to constrict eight enemies at once.
Your skin changes colour to match your surroundings (Stealth+).
Your rubbery body absorbs attacks. (AC +1, EV +1)


Message History

The orc wizard barely misses you. x2
The orc priest invokes the aid of Beogh against you.
Beogh smites you!
* * * LOW HITPOINT WARNING * * *
The orc wizard hits you but does no damage.
You take 12 damage, and have 3/51 hp.
MASSIVE DAMAGE!!
Unknown command.
It was a potion of cancellation.
Your magical effects are unravelling.
You feel magically purged.
Your magical contamination has completely faded away.
You warm up again.
Your +1 hat of intelligence {Int+3} unmelds from your body.
You feel clever.
Your resistance to elements expires.
The orc wizard closely misses you.
The orc wizard hits you but does no damage.
The orc priest invokes the aid of Beogh against you.
Pain shoots through your body!
You die...

#.......#
##.......#
.........#
.........
§Z.......
#S.o.....
#ooo.....
#@#..#
#o#..###.
#5.......
#....#####
#.........
##...####.#
#...##...#
#........ #
#..###.#..#


You could see an orc priest, 3 orc wizards, a crimson imp, an adder, an orc and
a leopard gecko zombie.

Vanquished Creatures
  Sigmund (D:2)
  An ogre (D:5)
  A scorpion (D:4)
  2 hounds (D:4)
  A jelly (D:5)
  An orc wizard (D:5)
  Jessica (D:2)
  A worker ant (D:4)
  An iguana (D:4)
  5 adders
  3 gnolls (D:2)
  3 worms
  4 leopard geckos
  7 orcs
  A ball python (D:3)
  8 giant cockroaches
  14 hobgoblins
  10 jackals
  9 kobolds
  2 quokkas
  8 bats
  3 frilled lizards
  10 goblins
  14 rats
111 creatures vanquished.

Notes
Turn   | Place    | Note
-------+----------+-------------------------------------------
     0 | D:1      | Redear the Octopode Transmuter began the quest for the Orb.
     0 | D:1      | Reached XP level 1. HP: 13/13 MP: 3/3
   379 | D:1      | Reached XP level 2. HP: 18/18 MP: 5/5
   593 | D:1      | Reached XP level 3. HP: 21/23 MP: 6/6
   791 | D:1      | You fall through a shaft!
  1109 | D:2      | Reached XP level 4. HP: 14/28 MP: 6/8
  1358 | D:2      | Reached skill level 3 in Transmutations
  1731 | D:2      | Noticed Jessica
  1744 | D:2      | Killed Jessica
  1744 | D:2      | Reached skill level 3 in Spellcasting
  1881 | D:2      | Reached skill level 4 in Unarmed Combat
  1881 | D:2      | Reached XP level 5. HP: 27/33 MP: 9/9
  1957 | D:2      | Noticed Sigmund
  1968 | D:2      | Killed Sigmund
  1968 | D:2      | Reached skill level 4 in Transmutations
  1968 | D:2      | Reached XP level 6. HP: 5/38 MP: 8/11
  2385 | D:2      | Learned a level 3 spell: Spider Form
  2390 | D:2      | Learned a level 4 spell: Ice Form
  2393 | D:2      | Learned a level 2 spell: Sticks to Snakes
  2771 | D:3      | Found a sparkling altar of Nemelex Xobeh.
  2839 | D:3      | Found a hazy altar of Hepliaklqana.
  3347 | D:3      | Found a shattered altar of Ashenzari.
  3709 | D:4      | Reached skill level 4 in Spellcasting
  3713 | D:4      | Reached skill level 1 in Ice Magic
  3986 | D:4      | Reached XP level 7. HP: 43/43 MP: 8/13
  4003 | D:4      | Reached skill level 5 in Unarmed Combat
  4417 | D:5      | Entered Level 5 of the Dungeon
  4422 | D:5      | Reached skill level 2 in Ice Magic
  4513 | D:5      | HP: 3/51 [orc priest/divine providence (13)]
  4514 | D:5      | Killed from afar by an orc priest

Levels and vault maps discovered:
D:1:      elethiomel_arrival_maze, layout_rooms
D:2:      layout_basic, serial_glass, glass_columns_a, glass_columns_c,
          first_ration, uniq_jessica, uniq_sigmund
D:3:      layout_basic, nemelex_xobeh_ov_fountains_minmay,
          nicolae_overflow_crystal_walls, lemuel_round_altar
D:4:      layout_basic
D:5:      layout_loops_ring

Skill      XL: |  1  2  3  4  5  6  7 |
---------------+----------------------+-----
Transmutations | 3 4 |  4.7
Spellcasting   | 3 4 |  4.4
Unarmed Combat | 4 5 |  5.2
Ice Magic      | 1 2 |  2.2
Fighting       | |  1.0
Dodging        | |  2.0

Action                   |  1- 3 |  4- 6 |  7- 9 || total
-------------------------+-------+-------+-------++-------
Melee: Unarmed           |    85 |   127 |    42 ||   254
       Constrict         |    24 |    35 |     4 ||    63
       Tentacles         |    14 |    18 |     2 ||    34
       Kick              |    13 |     8 |       ||    21
       Punch             |     2 |     4 |     2 ||     8
 Cast: Beastly Appendage |     8 |     6 |       ||    14
       Ice Form          |       |     1 |     2 ||     3
       Spider Form       |       |     1 |       ||     1
Evoke: Wand              |       |     1 |       ||     1
  Use: Potion            |       |       |     4 ||     4
 Stab: Sleeping          |       |     5 |     1 ||     6
  Eat: Chunk             |       |    10 |       ||    10
Armor: Skin              |    12 |    20 |    16 ||    48
Dodge: Dodged            |    63 |    79 |    29 ||   171

Table legend:
 A = Non-vault XP
 B = Vault XP
 C = Vault XP percentage of total XP
 D = Non-vault monster count
 E = Vault monster count
 F = Vault count percentage of total count
                 A         B        C        D         E       F
            +---------+---------+-------+---------+---------+-------
      Total |     713 |     264 |  27.0 |     109 |       2 |   1.8
            +---------+---------+-------+---------+---------+-------
        D:1 |      46 |       0 |   0.0 |      28 |       0 |   0.0
        D:2 |     120 |     264 |  68.8 |      33 |       2 |   5.7
        D:3 |      54 |       0 |   0.0 |      24 |       0 |   0.0
        D:4 |     270 |       0 |   0.0 |      19 |       0 |   0.0
        D:5 |     223 |       0 |   0.0 |       5 |       0 |   0.0
            +---------+---------+-------+---------+---------+-------
